AoeStats
← MurderHoles

Scandinavia

510674721Analyzed
1v1 RM · 21h ago on Oct 2, 2026· 42m 29s· 2 players
Game mode
Random Map
Map size
Tiny (2 player)
Population
200
Speed
Normal
Resources
Standard
Victory
Conquest
Starting age
Dark Age
Ending age
Imperial Age
RankedLock teamsTeams togetherTeam positionsShared explorationLock speedFull tech treeHidden civsTurbo modeCheats
Victory
Defeat
🇺🇸 Vikings · United States
1043
+15
🇺🇸 Varangians · United States
1019
-15
MurderHoles
3:32 Loom
11:29 Feudal Age
13:39 Bloodlines
14:18 Forging
19:11 Castle Age
19:19 Scale Barding Armor
21:30 Horse Collar
21:37 Double-Bit Axe
22:33 Husbandry
26:35 Gold Mining
30:06 Light Cavalry
32:58 Wheelbarrow
42:30 Squires
42:15 Gambesons
Schlub MaKonky
8:56 Loom
12:59 Feudal Age
13:52 Fishing Lines
13:47 Man-at-Arms
14:57 Arson
17:16 Double-Bit Axe
21:22 Castle Age
21:55 Gold Mining
22:20 Scale Mail Armor
22:49 Bow Saw
22:38 Fletching
23:28 Chain Mail Armor
24:22 Forging
25:23 Squires
25:45 Town Watch
25:58 Stone Mining
26:19 Bodkin Arrow
26:18 Horse Collar
31:10 Gold Shaft Mining
31:32 Long Swordsman
34:40 Chieftains
40:15 Imperial Age
41:29 Conscription
42:50 Plate Mail Armor
Connection lost

Rejoining the realm…

Still unreachable

The connection could not be restored.

Session expired

The server has moved on; the page needs a fresh start.